 Dungeon Crawl Stone Soup version 0.29.1-14-g9c671dbff4 (webtiles) character file.

Game seed: 16491002486215600755

175 KittyFluff the Cudgeller (level 5, -13/33 HPs)
             Began as a Gargoyle Berserker on Feb 16, 2023.
             Was a Believer of Trog.
             Mangled by Crazy Yiuf
             ... wielding a +4 quarterstaff of chaos
              (15 damage)
             ... on level 4 of the Dungeon.
             The game lasted 00:09:21 (2758 turns).

KittyFluff the Cudgeller (Gargoyle Berserker)       Turns: 2758, Time: 00:09:23

Health: -13/33     AC:  6    Str: 20    XL:     5   Next: 55%
Magic:  4/5        EV: 12    Int:  8    God:    Trog [**....]
Gold:   161        SH:  0    Dex: 11    Spells: 4/4 levels left

rFire   . . .      SeeInvis .   a - +0 mace
rCold   + . .      Faith    .   (no shield)
rNeg    + . .      Spirit   .   b - +0 animal skin
rPois   ∞          Reflect  .   (no helmet)
rElec   +          Harm     .   (no cloak)
rCorr   .          Rampage  .   (no gloves)
Will    .....                   (no boots)
Stlth   +.........              (no amulet)
HPRegen 0.11/turn               t - ring of protection from cold
MPRegen 0.09/turn               (no ring)

@: no status effects
A: sickness immunity, AC +4, negative energy resistance 1, electricity
resistance, torment resistance 1, petrification resistance
a: Renounce Religion, Berserk, Trog's Hand


You were on level 4 of the Dungeon.
You worshipped Trog.
Trog was pleased with you.
You visited 1 branch of the dungeon, and saw 4 of its levels.

You collected 161 gold pieces.

Inventory:

Hand Weapons
 a - a +0 mace (weapon)
 l - a +0 sling
Missiles
 d - 21 stones (quivered)
 r - 9 poisoned darts
Armour
 b - a +0 animal skin (worn)
 j - a +0 scale mail
 p - a +0 ring mail
Jewellery
 t - a ring of protection from cold (left hand)
Scrolls
 f - a scroll of fear {unknown}
 g - a scroll of enchant armour {unknown}
 h - a scroll of poison {unknown}
 k - a scroll of immolation {unknown}
 m - a scroll of butterflies
 n - a scroll of silence {unknown}
 o - a scroll of brand weapon {unknown}
 q - 2 scrolls of identify {unknown}
 s - 2 scrolls of teleportation {unknown}
Potions
 c - a potion of lignification {unknown}
 e - 3 potions of mutation {unknown}
 i - a potion of attraction {unknown}
 u - a potion of might
 v - a potion of brilliance {unknown}


   Skills:
 + Level 4.1 Fighting
 + Level 4.3 Maces & Flails
 * Level 3.4 Armour
 + Level 2.3 Dodging
 + Level 1.0 Stealth


You had 4 spell levels left.
You didn't know any spells.
Your spell library was empty.

Dungeon Overview and Level Annotations

Branches:
Dungeon (4/15)
 Temple: D:4-7

Altars:

Annotations:
D:4 3 runed translucent doors, Ast3rio's ghost, amateur HOFi; Crazy Yiuf


Innate Abilities, Weirdness & Mutations

You are immune to sickness and miasma.
Your stone body is resilient. (AC +4)
You are immune to poison.
You resist negative energy. (rN+)
You are resistant to electric shocks. (rElec)
You are resistant to unholy torment.
You are immune to petrification.


Message History

You feel a strong urge to attack something.
You start resting.
You are no longer berserk.
You are exhausted.
You feel yourself slow down.
You start resting.
You feel yourself speed up.
You start resting.
You recover from your berserk rage.
You start resting.
HP restored.
You start waiting.
Done waiting.
Found a runed translucent gate.
Found a tiny citrine amulet.
The orc shouts!
You hear a shout!
The orc shouts!
You hear a shout!
Ast3rio's ghost mumbles, "They all look like pillowcases to me..."
Found a hammer.
Found a runed translucent door.
Crazy Yiuf shouts!
Press: ? - help, v - describe, . - travel
Here: Crazy Yiuf, wielding a +4 quarterstaff of chaos and wearing a +0 cloak (fire blocked by a runed translucent door)
The floor.
You open the door. You hit Crazy Yiuf but do no damage.
Crazy Yiuf hits you with a +4 quarterstaff of chaos.
You feel your power leaking away.
You sock Crazy Yiuf!
Crazy Yiuf is heavily wounded.
Crazy Yiuf drinks a potion.
Crazy Yiuf seems to grow stronger.
You barely miss Crazy Yiuf.
Crazy Yiuf is heavily wounded.
Crazy Yiuf barely misses you.
You completely miss Crazy Yiuf.
Crazy Yiuf is heavily wounded.
Crazy Yiuf hits you with a +4 quarterstaff of chaos!
Space warps horribly around you!
* * * LOW HITPOINT WARNING * * *
Crazy Yiuf hits you with a +4 quarterstaff of chaos!
You die...

##..###########.###
#....# #.#.. ♣...P♣
#.... ♣♣...♣ #..#8
♣♣.♣♣ #...# ♣♣.♣
#...# ♣.♣♣ #...#
♣♣.♣ #####...# ♣@♣♣
........# #g#
...##...# ... ##
#...# #...# #..÷#
#)..# ####> #####
#. #. #. #..


You could see Crazy Yiuf (strong).

Vanquished Creatures
  A scorpion (D:4)
  An iguana (D:4)
  2 adders (D:2)
  3 dart slugs
  2 worms (D:2)
  An orc (D:3)
  9 endoplasms
  3 giant cockroaches
  A hobgoblin (D:3)
  2 jackals (D:1)
  3 kobolds
  4 quokkas
  10 ball pythons
  4 bats
  2 frilled lizards
  5 goblins
  4 rats
57 creatures vanquished.

Vanquished Creatures (others)
  5 plants (D:1)
5 creatures vanquished.

Grand Total: 62 creatures vanquished

Notes
Turn   | Place    | Note
-------+----------+-------------------------------------------
     0 | D:1      | KittyFluff the Gargoyle Berserker began the quest for the
                  | Orb.
     0 | D:1      | Reached XP level 1. HP: 14/14 MP: 1/1
   118 | D:1      | Reached XP level 2. HP: 16/19 MP: 2/2
   385 | D:1      | Reached XP level 3. HP: 19/23 MP: 3/3
   410 | D:1      | Reached ** piety under Trog
   505 | D:1      | Found a faded altar of an unknown god.
  1153 | D:2      | Reached XP level 4. HP: 18/29 MP: 4/4
  2308 | D:4      | Noticed a scorpion
  2332 | D:4      | Killed a scorpion
  2333 | D:4      | Reached skill level 1 in Stealth
  2333 | D:4      | Reached XP level 5. HP: 5/33 MP: 5/5
  2703 | D:4      | Found a runed translucent gate.
  2704 | D:4      | Found a runed translucent gate.
  2705 | D:4      | Found a runed translucent gate.
  2707 | D:4      | Noticed Ast3rio's ghost (amateur HOFi)
  2750 | D:4      | Found a runed translucent door.
  2751 | D:4      | Noticed Crazy Yiuf
  2758 | D:4      | Mangled by Crazy Yiuf

Illustrated notes

Levels and vault maps discovered:
D:1:      dpeg_arrival_shelter, layout_rooms,
          dreamdust_ecumenical_altar_statues, serial_forest,
          infiniplex_forest_clump_diagonal, infiniplex_forest_clump_double,
          infiniplex_forest_clump_cross, infiniplex_forest_clump_small,
          infiniplex_forest_lined_2, infiniplex_forest_corner_1,
          infiniplex_forest_clump_curved, infiniplex_forest_lined_room_2
D:2:      layout_basic, chequers_serial_rivers_micro_e, glass_columns_c
D:3:      layout_basic
D:4:      layout_rooms, biasface_ghost_orc_armoury, st_stairs_3,
          uniq_crazy_yiuf_cottage

Skill      XL: |  1  2  3  4 |
---------------+-------------+-----
Dodging        | 2 |  2.3
Armour         | 3 |  3.4
Fighting       | 4 |  4.1
Maces & Flails | 4 |  4.3
Stealth        | 1 |  1.0

Action                   |  1- 3 |  4- 6 || total
-------------------------+-------+-------++-------
Melee: Mace              |   104 |    75 ||   179
       Punch             |       |     1 ||     1
Invok: Berserk           |       |     1 ||     1
  Use: Scroll            |       |     1 ||     1
Armor: Animal skin       |    44 |    17 ||    61
Dodge: Dodged            |    75 |    47 ||   122
